 Dungeon Crawl Stone Soup version 0.29.1-15-g9cfb28693d (webtiles) character file.

Game seed: 1922879149750184555

1884 BuddhaDhamma the Cleaver (level 8, -4/64 HPs)
             Began as a Minotaur Berserker on Mar 13, 2023.
             Was an Elder of Trog.
             Slain by an orc warrior
             ... wielding a +0 halberd
              (17 damage)
             ... on level 6 of the Dungeon.
             The game lasted 00:11:29 (6013 turns).

BuddhaDhamma the Cleaver (Minotaur Berserker)       Turns: 6013, Time: 00:11:30

Health: -4/64      AC: 14    Str: 25    XL:     8   Next: 92%
Magic:  7/7        EV:  8    Int:  4    God:    Trog [****..]
Gold:   308        SH:  0    Dex:  9    Spells: 7/7 levels left

rFire   . . .      SeeInvis .   a - +0 hand axe
rCold   . . .      Faith    .   (no shield)
rNeg    . . .      Spirit   .   d - +3 chain mail
rPois   .          Reflect  .   n - +0 hat
rElec   .          Harm     .   (no cloak)
rCorr   .          Rampage  .   (no gloves)
Will    .....                   k - +2 pair of boots
Stlth   ..........              (no amulet)
HPRegen 0.20/turn               (no ring)
MPRegen 0.10/turn               (no ring)

@: on berserk cooldown, slowed, very slow
A: horns 2, retaliatory headbutt
a: Renounce Religion, Berserk, Trog's Hand, Brothers in Arms


You were on level 6 of the Dungeon.
You worshipped Trog.
Trog was greatly pleased with you.
You visited 1 branch of the dungeon, and saw 6 of its levels.
You also visited: Sewer.

You collected 308 gold pieces.

Inventory:

Hand Weapons
 a - a +0 hand axe (weapon)
Armour
 d - a +3 chain mail (worn)
 k - a +2 pair of boots (worn)
 n - a +0 hat (worn)
Wands
 s - a wand of flame (24)
Scrolls
 e - 3 scrolls of blinking
 l - 2 scrolls of teleportation
 m - 2 scrolls of magic mapping
 r - a scroll of enchant armour {unknown}
Potions
 b - 2 potions of mutation
 c - 2 potions of might {unknown}
 f - 3 potions of haste
 g - 2 potions of curing {unknown}
 h - a potion of attraction {unknown}
 j - 2 potions of resistance {unknown}
 o - 3 potions of brilliance {unknown}
 p - a potion of ambrosia {unknown}
 q - a potion of flight {unknown}
 t - a potion of lignification {unknown}


   Skills:
 - Level 3.6 Fighting
 + Level 14.0 Axes
 - Level 2.4 Armour
 - Level 2.1 Dodging


You had 7 spell levels left.
You didn't know any spells.
Your spell library was empty.

Dungeon Overview and Level Annotations

Branches:
Dungeon (6/15)             Temple (0/1) D:4           Sewer (visited)

Altars:
Kikubaaqudgha
Okawaru
Ru
Sif Muna
Trog
Uskayaw
Vehumet

Shops:
D:3 *


Innate Abilities, Weirdness & Mutations

You have a pair of horns on your head.
You reflexively headbutt those who attack you in melee.


Message History

You feel a strong urge to attack something.
You feel your anger nearly subside.
You are no longer berserk.
You are exhausted.
You feel yourself slow down.
You see here a +0 dagger.
An orc warrior comes into view. It is wielding a +0 halberd.
The orc warrior shouts!
You see here a +0 dagger.
The orc warrior hits you but does no damage.
The orc warrior hits you from afar with a +0 halberd!
The orc warrior hits you from afar with a +0 halberd. x2
You see here 4 javelins.
The orc warrior hits you from afar with a +0 halberd!
The orc warrior hits you but does no damage.
The orc warrior hits you with a +0 halberd!
* * * LOW HITPOINT WARNING * * *
You hit the orc warrior.
The orc warrior is lightly wounded.
The orc warrior barely misses you.
You hit the orc warrior.
The orc warrior is lightly wounded.
You hit the orc warrior but do no damage.
The orc warrior is lightly wounded.
The orc warrior hits you with a +0 halberd!
* * * LOW HITPOINT WARNING * * *
You're still recovering from your berserk rage.
You feel much better. The orc warrior closely misses you.
You furiously retaliate!
You headbutt the orc warrior!
The orc warrior hits you with a +0 halberd!
* * * LOW HITPOINT WARNING * * *
You closely miss the orc warrior.
The orc warrior is moderately wounded.
The orc warrior hits you with a +0 halberd.
* * * LOW HITPOINT WARNING * * *
You hit the orc warrior but do no damage.
Your headbutt misses the orc warrior.
The orc warrior is moderately wounded.
The orc warrior hits you with a +0 halberd!
You die...

##....##.##)# #.#
#....##.##)### #.#
#....##.##...###.#####.#
#....##....#..)).....$.#
.....#####.#...).......#
#.....# #..#...........
#..#....#+#####
....#o...# ..#..#@...#
...####.(..# .. #....#
#....# #....# .....#
####... .^.. ....#


You could see an orc warrior.

Vanquished Creatures
  A water moccasin (D:4)
  3 ice beasts
  The ghost of GigaChad the Covered, an amateur MiFi (D:3)
  A phantom (D:6)
  3 kobold brigands (Sewer)
  2 necrophages
  4 scorpions
  3 orc priests
  4 hounds
  2 jellies
  8 orc wizards (D:5)
  12 gnolls
  7 adders
  An ufetubus (D:5)
  2 dart slugs
  24 orcs
  7 bats
  4 endoplasms
  12 giant cockroaches
  12 goblins
  9 hobgoblins
  4 jackals (D:2)
  18 kobolds
  8 quokkas
  10 ball pythons
  2 frilled lizards
  6 rats
170 creatures vanquished.

Vanquished Creatures (others)
  4 gnolls (D:4)
  3 plants (Sewer)
7 creatures vanquished.

Grand Total: 177 creatures vanquished

Notes
Turn   | Place    | Note
-------+----------+-------------------------------------------
     0 | D:1      | BuddhaDhamma the Minotaur Berserker began the quest for the
                  | Orb.
     0 | D:1      | Reached XP level 1. HP: 19/19 MP: 0/0
   169 | D:1      | Reached skill level 4 in Axes
   173 | D:1      | Reached XP level 2. HP: 23/26 MP: 1/1
   380 | D:1      | Reached skill level 5 in Axes
   546 | D:1      | Reached XP level 3. HP: 8/31 MP: 2/2
   781 | D:1      | Found a faded altar of an unknown god.
  1107 | D:2      | Found a bloodstained altar of Trog.
  1230 | D:2      | Reached ** piety under Trog
  1693 | D:2      | Reached skill level 6 in Axes
  1693 | D:2      | Reached XP level 4. HP: 39/39 MP: 3/3
  1893 | D:3      | Found a glowing drain.
  1921 | Sewer    | Entered a sewer
  2018 | Sewer    | Reached *** piety under Trog
  2103 | Sewer    | Noticed a kobold brigand
  2103 | Sewer    | Noticed a kobold brigand
  2103 | Sewer    | Noticed a kobold brigand
  2109 | Sewer    | Killed a kobold brigand
  2110 | Sewer    | Reached skill level 7 in Axes
  2110 | Sewer    | Reached XP level 5. HP: 45/45 MP: 4/4
  2114 | Sewer    | Reached skill level 8 in Axes
  2122 | Sewer    | Reached XP level 6. HP: 36/51 MP: 5/5
  2272 | D:3      | Found a hide-covered altar of Uskayaw.
  2311 | D:3      | Found an iron altar of Okawaru.
  2414 | D:3      | Found a runed translucent gate.
  2414 | D:3      | Found a runed translucent gate.
  2414 | D:3      | Found a runed translucent gate.
  2415 | D:3      | Noticed GigaChad's ghost (amateur MiFi)
  2448 | D:3      | Found Xogh's Assorted Antiques.
  2849 | D:3      | HP: 1/50 [GigaChad's ghost (9)]
  2859 | D:3      | Killed GigaChad's ghost
  2860 | D:3      | Reached skill level 9 in Axes
  3196 | D:4      | Reached XP level 7. HP: 55/57 MP: 6/6
  3219 | D:4      | Reached skill level 10 in Axes
  3524 | D:4      | Reached **** piety under Trog
  3796 | D:4      | Found a sacrificial altar of Ru.
  3841 | D:4      | Reached skill level 11 in Axes
  4206 | D:4      | Found a staircase to the Ecumenical Temple.
  4438 | D:5      | Entered Level 5 of the Dungeon
  4543 | D:4      | Reached XP level 8. HP: 32/64 MP: 7/7
  4807 | D:5      | Identified the +7 dagger "Yfuir" {vamp, rC- rCorr Str-3
                  | Dex+9}
  4948 | D:5      | Reached skill level 12 in Axes
  5353 | D:5      | Reached skill level 13 in Axes
  5520 | D:5      | Found an ancient bone altar of Kikubaaqudgha.
  5528 | D:5      | Found a shimmering blue altar of Sif Muna.
  5595 | D:5      | Found a radiant altar of Vehumet.
  5985 | D:6      | Reached skill level 14 in Axes
  6013 | D:6      | Slain by an orc warrior

Illustrated notes

Levels and vault maps discovered:
D:1:      minmay_arrival_arboretum_large, layout_loops_ring,
          ebering_ecumenical_altar_mist
D:2:      layout_loops_ring, basic_altar
D:3:      layout_rooms, mainiacjoe_overflow_tiny_flanked,
          overflow_temple_1_default, serial_shops, nicolae_diamond_shop,
          ebering_ghost_rock_garden, gup_sewer_entry_pipe,
          chequers_serial_rivers_room_a
D:4:      layout_loops_ring, nicolae_ru_great_annihilating_truth,
          lemuel_temple_firewalk_a
D:5:      layout_basic, palyth_temple_overflow_mages, kennysheep_flooded_box
D:6:      layout_basic, lemuel_round_altar, serial_shops, shop,
          minmay_misc_feat_chi, minmay_holes, pf_guarded_unrand_meek

Skill      XL: |  1  2  3  4  5  6  7  8 |
---------------+-------------------------+-----
Axes           | 4 5 6 7 8 9 11 14 | 14.0
Fighting       | |  3.6
Armour         | |  2.4
Dodging        | |  2.1

Action                   |  1- 3 |  4- 6 |  7- 9 || total
-------------------------+-------+-------+-------++-------
Melee: Hand axe          |   105 |   159 |   248 ||   512
       Headbutt          |     8 |    20 |    32 ||    60
       Punch             |     1 |     2 |     2 ||     5
Invok: Berserk           |       |     3 |     4 ||     7
  Use: Scroll            |       |     6 |     5 ||    11
       Potion            |       |     3 |     1 ||     4
 Stab: Paralysed         |       |       |     1 ||     1
Armor: Chain mail        |    57 |    95 |   129 ||   281
Dodge: Dodged            |    29 |    70 |    76 ||   175
